 Dungeon Crawl Stone Soup version 0.17-a0-2098-gf59d6bc (webtiles) character file.

84 daawg the Cutter (level 4, 0/28 HPs)
             Began as a Kobold Berserker on Oct 17, 2015.
             Was a Believer of Trog.
             Succumbed to a gnoll's poison
             ... on level 2 of the Dungeon.
             The game lasted 00:15:35 (1758 turns).

daawg the Cutter (Kobold Berserker)                 Turns: 1758, Time: 00:15:35

Health: 0/28       AC:  8    Str: 15    XL:     4   Next: 74%
Magic:  4/4        EV: 14    Int:  5    God:    Trog [**....]
Gold:   95         SH:  0    Dex: 16    Spells: 0 memorised, 3 levels left

rFire  . . .     SeeInvis .     a - +0 short sword
rCold  . . .     Clarity  .     i - +3 ring mail
rNeg   . . .     SustAt   .     (shield restricted)
rPois  .         Gourm    +     (no helmet)
rElec  .         Spirit   .     (no cloak)
rCorr  .         Warding  .     (no gloves)
rMut   .         Stasis   .     (no boots)
MR     .....                    n - amulet of the gourmand
Stlth  +.........               (no ring)
                                (no ring)

@: lethally poisoned (0 -> -8), not resistant to hostile enchantments, very
unstealthy
A: carnivore 3
a: Burn Spellbooks, Berserk, Trog's Hand, Renounce Religion


You were on level 2 of the Dungeon.
You worshipped Trog.
Trog was pleased with you.
You were not hungry.

You visited 1 branch of the dungeon, and saw 3 of its levels.

You collected 95 gold pieces.

Inventory:

Hand Weapons
 a - a +0 short sword (weapon)
Armour
 b - a +0 animal skin
 i - a +3 ring mail (worn)
Jewellery
 n - an amulet of the gourmand (around neck)
Scrolls
 k - a scroll of noise {unknown}
 m - a scroll of fear {unknown}
 o - a scroll of random uselessness {unknown}
 q - a scroll of magic mapping {unknown}
 r - 3 scrolls of teleportation {unknown}
 s - a scroll of remove curse
Potions
 e - 2 potions of mutation
 f - a potion of heal wounds {unknown}
 g - a potion of curing {unknown}
Comestibles
 c - a meat ration
 d - a royal jelly
 p - 2 beef jerkies


   Skills:
 - Level 3.4 Fighting
 + Level 6.5 Short Blades
 - Level 1.6 Armour
 - Level 2.6 Dodging


You had 3 spell levels left.
You didn't know any spells.

Dungeon Overview and Level Annotations

Branches:
Dungeon (3/15)

Altars:
Qazlal


Innate Abilities, Weirdness & Mutations

You are small and have problems with some larger weapons.
You are carnivorous and can eat meat at any time.


Message History

The gnoll is lightly wounded.
The gnoll misses you.
You barely miss the gnoll.
The gnoll is lightly wounded.
You feel sick.
The gnoll hits you from afar with a halberd!
* * * LOW HITPOINT WARNING * * *
Read which item? (? for menu, Esc to quit)
Okay, then.
The gnoll barely misses you.
* * * LOW HITPOINT WARNING * * *
You feel sick.
There is a stone staircase leading up here.
The gnoll hits you but does no damage.
You are more poisoned.
You climb upwards.
* * * LOW HITPOINT WARNING * * *
You feel sick.
There is a stone staircase leading down here.
You die...

#..##...###............
#.##.....##............
#.#.......#............
#....._........########
###...รท...#....#
##.....##....#
##...##.....##
##.##.......#
#@##.......#######
#>.'..............
#.##...........###
#..............#
#######........#
#.#......# #....#####
####....####
#######..........#


There were no monsters in sight!

Vanquished Creatures
  4 gnolls (D:2)
  An adder (D:2)
  A giant cockroach (D:1)
  4 goblins
  3 hobgoblins
  6 jackals
  6 kobolds
  5 bats
  A giant gecko (D:2)
  A giant newt (D:1)
  A quokka (D:2)
  6 rats
39 creatures vanquished.

Notes
Turn   | Place    | Note
--------------------------------------------------------------
     0 | D:1      | daawg the Kobold Berserker began the quest for the Orb.
     0 | D:1      | Reached XP level 1. HP: 14/14 MP: 1/1
   528 | D:1      | Reached XP level 2. HP: 16/19 MP: 2/2
  1285 | D:2      | Reached skill level 5 in Short Blades
  1285 | D:2      | Reached XP level 3. HP: 13/23 MP: 3/3
  1295 | D:2      | Reached XP level 4. HP: 23/28 MP: 4/4
  1303 | D:2      | Reached skill level 6 in Short Blades
  1359 | D:2      | Reached ** piety under Trog
  1468 | D:2      | Found a stormy altar of Qazlal.
  1757 | D:2      | HP: 1/28 [poisoned by a gnoll]
  1758 | D:2      | Succumbed to a gnoll's poison

Vault maps used:
D:1:      dpeg_arrival_chase, lemuel_old_faithful
D:2:      lemuel_round_altar, feat_on_display
D:3:      gup_sewer_entry_pipe, eino_curves_01, moated_statue,
          minmay_item_behind_shaft, uniq_iyjb, uniq_natasha, uniq_robin

Action                   |  1- 3 |  4- 6 || total
-------------------------+-------+-------++-------
Melee: Short sword       |    79 |    41 ||   120
Invok: Berserk           |     1 |     1 ||     2
  Use: Scroll            |     2 |     4 ||     6
  Eat: Chunk             |     3 |     5 ||     8
